 Dungeon Crawl Stone Soup version 0.18.1-48-g4cf74bf (webtiles) character file.

401 hairmachine the Conjurer (level 6, -3/47 HPs)
             Began as a Draconian Air Elementalist on July 17, 2016.
             Was a Follower of Sif Muna.
             Killed by divine providence
             ... invoked by an orc priest
              (15 damage)
             ... on level 4 of the Dungeon.
             The game lasted 00:26:56 (5928 turns).

hairmachine the Conjurer (DrAE)                     Turns: 5928, Time: 00:26:57

Health: -3/47      AC:  6    Str: 11    XL:     6   Next: 54%
Magic:  1/10       EV: 12    Int: 17    God:    Sif Muna [*.....]
Gold:   118        SH:  0    Dex: 11    Spells: 4 memorised, 3 levels left

rFire  . . .     SeeInvis .     c - +0 whip
rCold  . . .     Gourm    .     (armour unavailable)
rNeg   . . .     Faith    .     (no shield)
rPois  .         Spirit   .     (helmet restricted)
rElec  .         Dismiss  .     (no cloak)
rCorr  .         Reflect  .     (no gloves)
SustAt +         Harm     .     (no boots)
MR     .....                    (no amulet)
Stlth  ++........               (no ring)
                                k - ring of sustain attributes

@: repel missiles, not resistant to hostile enchantments, unstealthy
A: unfitting armour, cold-blooded, AC +6
a: Channel Energy, Renounce Religion


You were on level 4 of the Dungeon.
You worshipped Sif Muna.
Sif Muna was aware of your devotion.
You were very hungry.

You visited 1 branch of the dungeon, and saw 5 of its levels.

You collected 118 gold pieces.

Inventory:

Hand Weapons
 c - a +0 whip (weapon)
Armour
 g - a +0 buckler
Jewellery
 k - a ring of sustain attributes (left hand)
Wands
 d - a wand of digging (0/24)
Scrolls
 e - a scroll of identify
 i - a scroll of magic mapping
Potions
 h - 2 potions of curing {unknown}
Books
 a - a book of Air

   Spells                             Type                      Level
   a - Shock                          Conjuration/Air              1
   b - Swiftness                      Charms/Air                   2
   c - Repel Missiles                 Charms/Air                   2
   d - Static Discharge               Conjuration/Air              3
   e - Lightning Bolt                 Conjuration/Air              5
Comestibles
 b - 2 bread rations
 f - a chunk of flesh
 j - 2 meat rations


   Skills:
 - Level 1.3 Fighting
 - Level 1.7 Dodging
 - Level 1.7 Stealth
 + Level 3.2 Spellcasting
 - Level 5.0 Conjurations
 + Level 4.3 Air Magic


You had 3 spell levels left.
You knew the following spells:

 Your Spells              Type           Power        Failure   Level  Hunger
a - Shock                 Conj/Air       ###.         2%          1    None
b - Repel Missiles        Chrm/Air       ##....       14%         2    ##.....
c - Static Discharge      Conj/Air       ###.....     10%         3    ###....
d - Swiftness             Chrm/Air       ##......     14%         2    ##.....


Dungeon Overview and Level Annotations

Branches:
Dungeon (5/15)
 Temple: D:4-7

Altars:
Fedhas
Makhleb
Pakellas
Qazlal
Sif Muna

Annotations:
D:3 Sigmund; Situis's ghost, amateur HEHu
D:4 Purgy
D:5 Edmund


Innate Abilities, Weirdness & Mutations

Your plain brown scales are hard (AC +6).
Your body does not fit into most forms of armour.
You are cold-blooded and may be slowed by cold attacks.


Message History

The orc throws a stone.
The stone closely misses you.
Casting: Shock
Confirm with . or Enter, or press ? or * to list all spells.
Aiming: Shock
Press: ? - help, Shift-Dir - straight line, f/p - orc priest
Aim: an orc priest, wielding a short sword (almost dead)
The zap hits the orc priest.
The orc priest is almost dead.
The orc barely misses you.
There is an escape hatch in the ceiling here.
The orc priest hits you but does no damage.
The orc hits you with a mace.
* * * LOW HITPOINT WARNING * * *
A mysterious force pulls you upwards. The hatch slams shut behind you.
Level annotation: Purgy The orc priest hits you but does no damage.
The orc hits you but does no damage.
The orc priest calls down the wrath of Beogh upon you.
Beogh smites you!
You die...

. #. ###.###
.....# ####.#.##
##.......##
.......oo.#
##.##.....#
########.##.@...#
#.....##.##.....#
#...............#
#......#####..###
##......# #..#
#.......# #..#
#.##.##.# #..#
#.##.##.#####..#
#.##..........##


You could see an orc priest and an orc.

Vanquished Creatures
  2 crimson imps
  A quasit (D:5)
  A hound (D:5)
  A jelly (D:5)
  An orc priest (D:5)
  An orc wizard (D:3)
  Terence (D:3)
  2 worker ants (D:4)
  An adder (D:2)
  3 gnolls (D:2)
  2 adder skeletons
  A dart slug (D:3)
  2 giant geckos
  6 orcs
  2 ball pythons
  3 giant cockroaches
  3 goblins
  2 hobgoblins
  6 jackals
  8 kobolds
  A quokka (D:4)
  3 bats
  12 giant newts
  A jackal skeleton (D:5)
  6 rats
72 creatures vanquished.

Notes
Turn   | Place    | Note
--------------------------------------------------------------
     0 | D:1      | hairmachine the Draconian Air Elementalist began the quest for the Orb.
     0 | D:1      | Reached XP level 1. HP: 14/14 MP: 3/3
   252 | D:1      | Reached skill level 2 in Conjurations
   278 | D:1      | Reached XP level 2. HP: 20/20 MP: 5/5
  1540 | D:1      | Reached skill level 3 in Conjurations
  1685 | D:2      | Reached XP level 3. HP: 26/26 MP: 3/6
  1837 | D:2      | Learned a level 2 spell: Repel Missiles
  2380 | D:2      | Found a deep blue altar of Sif Muna.
  2386 | D:2      | Became a worshipper of Sif Muna the Loreminder
  2495 | D:2      | Found a stormy altar of Qazlal.
  2568 | D:2      | Reached skill level 4 in Conjurations
  2568 | D:2      | Reached XP level 4. HP: 30/33 MP: 2/7
  2721 | D:2      | Found an oddly glowing altar of Pakellas.
  2907 | D:3      | Noticed Situis's ghost (amateur HEHu)
  2980 | D:3      | Noticed Sigmund
  3019 | D:3      | Learned a level 3 spell: Static Discharge
  3635 | D:3      | Noticed Terence
  3752 | D:3      | Killed Terence
  3752 | D:3      | Reached skill level 5 in Conjurations
  3752 | D:3      | Reached XP level 5. HP: 33/38 MP: 0/8
  4144 | D:4      | Noticed Purgy
  4412 | D:4      | Reached skill level 1 in Fighting
  4959 | D:3      | Learned a level 2 spell: Swiftness
  5016 | D:5      | Entered Level 5 of the Dungeon
  5200 | D:5      | Reached XP level 6. HP: 47/47 MP: 6/9
  5242 | D:5      | Reached * piety under Sif Muna
  5329 | D:5      | Found a burning altar of Makhleb.
  5453 | D:5      | Found a blossoming altar of Fedhas.
  5494 | D:5      | Noticed Edmund
  5928 | D:4      | Killed from afar by an orc priest

Skill      XL: |  1  2  3  4  5  6 |
---------------+-------------------+-----
Conjurations   | 2 3 4 5 |  5.0
Fighting       | 1 |  1.3
Air Magic      | 4 |  4.3
Spellcasting   | 3 |  3.2
Dodging        | |  1.7
Stealth        | |  1.7

Action                   |  1- 3 |  4- 6 || total
-------------------------+-------+-------++-------
Melee: Dagger            |    56 |     5 ||    61
       Tailslap          |     3 |     4 ||     7
       Whip              |       |    48 ||    48
 Cast: Shock             |    74 |    89 ||   163
       Static Discharge  |       |    24 ||    24
       Repel Missiles    |       |     2 ||     2
Evoke: Wand              |       |     1 ||     1
  Use: Scroll            |     2 |     6 ||     8
       Potion            |     1 |     1 ||     2
  Eat: Chunk             |     4 |     9 ||    13
       Royal jelly       |     1 |       ||     1
       Bread ration      |       |     1 ||     1
Armor: Skin              |    22 |    46 ||    68
Dodge: Dodged            |    57 |    65 ||   122
